 Dungeon Crawl Stone Soup version 0.25.0-9-g26727b657a (webtiles) character file.

Game seed: 10721007958554874698

180 Lynxxx the Chopper (level 5, -15/46 HPs)
             Began as a Hill Orc Fighter on June 19, 2020.
             Killed by divine providence
             ... invoked by an orc priest
              (17 damage)
             ... on level 3 of the Dungeon.
             The game lasted 00:05:33 (2648 turns).

Lynxxx the Chopper (Hill Orc Fighter)               Turns: 2648, Time: 00:05:35

Health: -15/46     AC: 12    Str: 20    XL:     5   Next: 60%
Magic:  5/5        EV:  7    Int:  8    God:
Gold:   131        SH:  9    Dex: 10    Spells: 4/4 levels left

rFire    . . .     SeeInvis .   a - +0 war axe
rCold    . . .     Gourm    .   c - +0 kite shield
rNeg     . . .     Faith    .   b - +0 scale mail
rPois    .         Spirit   .   (no helmet)
rElec    .         Reflect  .   (no cloak)
rCorr    .         Harm     .   (no gloves)
MR       .....                  o - +0 pair of boots
Stlth    ..........             (no amulet)
HPRegen  0.15/turn              m - +4 ring of protection
MPRegen  0.09/turn              (no ring)

@: no status effects
A: no striking features
a: Convert to Beogh


You were on level 3 of the Dungeon.
You were not hungry.

You visited 1 branch of the dungeon, and saw 3 of its levels.

You collected 131 gold pieces.

Inventory:

Hand Weapons
 a - a +0 war axe (weapon)
Missiles
 n - 17 bolts
 t - 10 arrows
Armour
 b - a +0 scale mail (worn)
 c - a +0 kite shield (worn)
 o - a +0 pair of boots (worn)
Jewellery
 m - a +4 ring of protection (left hand)
Wands
 r - a wand of clouds (4)
Scrolls
 j - 4 scrolls of teleportation {unknown}
 l - a scroll of enchant weapon {unknown}
 p - 2 scrolls of identify {unknown}
 s - a scroll of remove curse {unknown}
Potions
 d - 2 potions of might
 e - a potion of resistance {unknown}
 h - 2 potions of stabbing {unknown}
 i - 2 potions of degeneration {unknown}
 k - a potion of curing {unknown}
 q - a potion of lignification {unknown}
 u - a potion of invisibility {unknown}
Comestibles
 f - 6 rations
 g - 4 chunks of flesh


   Skills:
 + Level 4.3 Fighting
 + Level 5.1 Axes
 + Level 3.9 Armour
 + Level 0.4 Dodging
 + Level 1.2 Stealth
 + Level 4.1 Shields


You had 4 spell levels left.
You didn't know any spells.
Your spell library was empty.

Dungeon Overview and Level Annotations

Branches:
Dungeon (3/15)

Altars:


Message History

The orc priest is moderately wounded.
The orc priest begins to cast a cantrip, but forgets the words!
You closely miss the orc priest.
The orc priest is moderately wounded.
The orc priest invokes the aid of Beogh against you.
Beogh smites you!
The orc priest hits you but does no damage.
The orc priest shouts, "Surrender to Beogh and we'll let you live!"
You hit the orc priest.
The orc priest is severely wounded.
The orc priest calls down the wrath of Beogh upon you.
Pain shoots through your body!
Your shield and scale mail prevent you from hitting the orc priest.
The orc priest is severely wounded.
The orc priest calls down the wrath of Beogh upon you.
Beogh smites you!
* * * LOW HITPOINT WARNING * * *
The orc priest invokes the aid of Beogh against you.
Beogh smites you!
You die... ###### .... .... ... #.# #oo

#.# #o# #. #.# #o# #. #.# #@#
##.####.####.#
#.[.......##.###
#..............##.. ####
##.#.##............... ....
#......................######
####.##.#.##>.............([.
#.##.#......##.###.####)##
#.##.#####..##.# #.# #....


You could see 2 orc priests and 2 orcs.

Vanquished Creatures
  An orc wizard (D:3)
  An orc priest (D:3)
  3 adders
  A worm (D:3)
  4 dart slugs (D:1)
  3 leopard geckos
  6 orcs (D:3)
  6 giant cockroaches
  8 goblins
  6 hobgoblins
  4 jackals (D:3)
  11 bats
  7 frilled lizards
  7 kobolds
  10 rats
78 creatures vanquished.

Notes
Turn   | Place    | Note
-------+----------+-------------------------------------------
     0 | D:1      | Lynxxx the Hill Orc Fighter began the quest for the Orb.
     0 | D:1      | Reached XP level 1. HP: 19/19 MP: 1/1
   182 | D:1      | Reached XP level 2. HP: 27/27 MP: 2/2
   218 | D:1      | Reached skill level 3 in Axes
   324 | D:1      | Reached XP level 3. HP: 30/33 MP: 3/3
   747 | D:2      | Reached skill level 4 in Axes
  1081 | D:2      | Reached XP level 4. HP: 40/40 MP: 4/4
  2007 | D:3      | Reached skill level 5 in Axes
  2007 | D:3      | Reached XP level 5. HP: 17/46 MP: 5/5
  2010 | D:3      | Reached skill level 1 in Stealth
  2648 | D:3      | HP: 2/46 [orc priest/divine providence (13)]
  2648 | D:3      | Killed from afar by an orc priest

Illustrated notes

Levels and vault maps discovered:
D:1:      giann_bridges, layout_rooms, st_stairs_5, minmay_quantized
D:2:      layout_loops_ring
D:3:      layout_basic, first_ration, kennysheep_generic_room_16

Skill      XL: |  1  2  3  4  5 |
---------------+----------------+-----
Axes           | 3 4 5 |  5.1
Fighting       | 4 |  4.3
Stealth        | 1 |  1.2
Shields        | 4 |  4.1
Armour         | |  3.9
Dodging        | |  0.4

Action                   |  1- 3 |  4- 6 || total
-------------------------+-------+-------++-------
Melee: War axe           |   122 |   128 ||   250
  Eat: Chunk             |     1 |     5 ||     6
Armor: Scale mail        |    84 |    66 ||   150
Dodge: Dodged            |    54 |    31 ||    85
Block: Kite shield       |    87 |    68 ||   155
